General information
- name: BNet
- type: Ladder team game (AT/RT)
- host: Battle.net
- saver: TestyMcTestman
map: Friends
- players: 8
- length: 13:49
- speed: Fast
- version: 1.29 W3XP
- replay type: Public
» download(113 KB)
Players
team 1 (winner)

»
Legionnaire (
green | 58 APM | 807 actions | 13:48)
3 Firelord
2 Soul Burn
1 Summon Lava Spawn
1 Priestess of the Moon
1 Trueshot Aura
» actions
| Assign group hotkey | 27 | |
| Basic commands | 111 | |
| Build / train | 40 | |
| Enter build submenu | 15 | |
| Enter hero's abilities submenu | 4 | |
| Give item / drop item | 2 | |
| Right click | 207 | |
| Select / deselect | 185 | |
| Select group hotkey | 161 | |
| Use ability | 55 | |
807 total
» units
| Wisp | 12 | |
| Archer | 7 | |
| Goblin Shredder | 1 | |
| Hippogryph | 4 | |
24 total
» upgrades
| Strength of the Moon | 2 | |
| Improved Bows | 1 | |
| Hippogryph Taming | 1 | |
| Moon Armor | 1 | |
5 total
» buildings
| Altar of Elders | 1 | |
| Moon Well | 6 | |
| Ancient of War | 2 | |
| Ancient of Wonders | 1 | |
| Hunter's Hall | 1 | |
| Tree of Ages | 1 | |
| Ancient of Wind | 2 | |
| Tree of Eternity | 1 | |
15 total
» build order
00:19 Altar of Elders
00:23 Moon Well
00:48 Ancient of War
01:53 Moon Well
02:47 Ancient of Wonders
02:56 Hunter's Hall
02:59 Ancient of War
03:35 Moon Well
04:08 Tree of Ages
05:16 Moon Well
08:47 Ancient of Wind
08:48 Ancient of Wind
08:51 Moon Well
09:50 Moon Well
11:08 Tree of Eternity
» items
| Healing Wards | 1 | |
| Book of the Dead | 1 | |
| Scroll of Town Portal | 1 | |
3 total
GoSu- (
blue | 42 APM | 582 actions | 13:48)
3 Death Knight
1 Death Coil
2 Unholy Aura
5 Lich
2 Frost Nova
2 Frost Armor
1 Death and Decay
3 Crypt Lord
3 Impale
» actions
| Assign group hotkey | 24 | |
| Build / train | 44 | |
| Enter build submenu | 15 | |
| Enter hero's abilities submenu | 10 | |
| Remove unit from queue | 3 | |
| Right click | 303 | |
| Select / deselect | 138 | |
| Select group hotkey | 14 | |
| Use ability | 31 | |
582 total
» units
| Acolyte | 2 | |
| Ghoul | 3 | |
| Crypt Fiend | 9 | |
| Gargoyle | 3 | |
17 total
» upgrades
» buildings
| Graveyard | 1 | |
| Crypt | 1 | |
| Altar of Darkness | 1 | |
| Ziggurat | 6 | |
| Nerubian Tower | 4 | |
| Tomb of Relics | 1 | |
| Halls of the Dead | 1 | |
| Black Citadel | 1 | |
| Sacrificial Pit | 1 | |
| Boneyard | 3 | |
20 total
» build order
00:26 Graveyard
00:35 Crypt
00:48 Altar of Darkness
01:03 Ziggurat
01:19 Ziggurat
02:35 Nerubian Tower
02:57 Tomb of Relics
04:03 Halls of the Dead
04:29 Ziggurat
05:41 Ziggurat
05:44 Ziggurat
07:29 Black Citadel
07:38 Sacrificial Pit
08:58 Ziggurat
09:21 Nerubian Tower
09:22 Nerubian Tower
09:23 Nerubian Tower
12:32 Boneyard
12:34 Boneyard
12:38 Boneyard
TestyMcTestman (
teal | 61 APM | 837 actions | 13:49)
5 Archmage
3 Summon Water Elemental
2 Brilliance Aura
» actions
| Assign group hotkey | 32 | |
| Basic commands | 32 | |
| Build / train | 50 | |
| Enter build submenu | 21 | |
| Enter hero's abilities submenu | 5 | |
| Give item / drop item | 1 | |
| Remove unit from queue | 1 | |
| Right click | 314 | |
| Select / deselect | 238 | |
| Select group hotkey | 85 | |
| Use ability | 58 | |
837 total
» units
| Peasant | 13 | |
| Footman | 4 | |
| Priest | 4 | |
| Knight | 3 | |
24 total
» upgrades
| Lumber Harvesting | 1 | |
| Masonry | 2 | |
| Priest Training | 2 | |
| Magic Sentry | 1 | |
| Plating | 2 | |
| Swords | 2 | |
| Animal War Training | 1 | |
11 total
» buildings
| Altar of Kings | 1 | |
| Barracks | 2 | |
| Farm | 6 | |
| Lumber Mill | 1 | |
| Scout Tower | 8 | |
| Arcane Tower | 1 | |
| Keep | 1 | |
| Arcane Vault | 1 | |
| Guard Tower | 2 | |
| Castle | 1 | |
| Arcane Sanctum | 2 | |
| Blacksmith | 1 | |
27 total
» build order
00:51 Altar of Kings
00:54 Barracks
00:56 Farm
00:59 Farm
01:06 Farm
01:21 Lumber Mill
01:56 Scout Tower
02:33 Arcane Tower
03:57 Keep
04:38 Arcane Vault
04:41 Scout Tower
04:42 Scout Tower
04:43 Scout Tower
04:47 Scout Tower
04:48 Scout Tower
04:50 Scout Tower
04:51 Scout Tower
05:16 Guard Tower
06:36 Castle
06:44 Arcane Sanctum
06:45 Arcane Sanctum
06:47 Blacksmith
07:05 Farm
07:06 Farm
08:10 Guard Tower
08:46 Barracks
13:41 Farm
» items
| Scroll of Regeneration | 2 | |
| Mechanical Critter | 1 | |
3 total

»
Apocalypse(SoD) (
purple | 39 APM | 544 actions | 13:48)
4 Archmage
3 Blizzard
1 Brilliance Aura
» actions
| Assign group hotkey | 9 | |
| Basic commands | 49 | |
| Build / train | 38 | |
| Enter build submenu | 14 | |
| Enter hero's abilities submenu | 4 | |
| Remove unit from queue | 3 | |
| Right click | 158 | |
| Select / deselect | 164 | |
| Select group hotkey | 75 | |
| Use ability | 30 | |
544 total
» units
| Peasant | 13 | |
| Footman | 2 | |
| Rifleman | 9 | |
| Mortar Team | 3 | |
| Flying Machine | -1 | |
26 total
» upgrades
| Lumber Harvesting | 1 | |
| Long Rifles | 1 | |
| Flare | 1 | |
3 total
» buildings
| Altar of Kings | 1 | |
| Farm | 8 | |
| Barracks | 2 | |
| Keep | 1 | |
| Blacksmith | 1 | |
| Arcane Vault | 1 | |
| Lumber Mill | 1 | |
| Workshop | 1 | |
| Arcane Sanctum | 1 | |
| Town Hall | 1 | |
18 total
» build order
00:18 Altar of Kings
00:21 Farm
00:21 Farm
00:38 Barracks
03:20 Keep
03:24 Barracks
03:35 Blacksmith
04:17 Arcane Vault
04:28 Farm
04:29 Farm
04:35 Lumber Mill
05:44 Workshop
05:48 Arcane Sanctum
07:02 Farm
07:02 Farm
07:03 Farm
09:13 Town Hall
10:23 Farm
team 2 (loser)
gentle (
yellow | 54 APM | 734 actions | 13:37)
5 Dreadlord
2 Sleep
3 Vampiric Aura
1 Blademaster
1 Critical Strike
» actions
| Assign group hotkey | 18 | |
| Basic commands | 40 | |
| Build / train | 54 | |
| Enter build submenu | 22 | |
| Enter hero's abilities submenu | 6 | |
| Remove unit from queue | 1 | |
| Right click | 187 | |
| Select / deselect | 152 | |
| Select group hotkey | 212 | |
| Use ability | 42 | |
734 total
» units
| Acolyte | 4 | |
| Ghoul | 15 | |
| Peon | 2 | |
| Grunt | 1 | |
| Obsidian Statue | 1 | |
| Wisp | 5 | |
28 total
» upgrades
| Unholy Strength | 3 | |
| Cannibalize | 1 | |
| Creature Attack | 1 | |
| Unholy Armor | 3 | |
| Ghoul Frenzy | 1 | |
9 total
» buildings
| Graveyard | 1 | |
| Crypt | 2 | |
| Altar of Darkness | 1 | |
| Ziggurat | 4 | |
| Orc Burrow | 3 | |
| Tomb of Relics | 1 | |
| Halls of the Dead | 1 | |
| Moon Well | 4 | |
| Black Citadel | 1 | |
| Slaughterhouse | 1 | |
| Fortress | 1 | |
| Tree of Eternity | 1 | |
| Ancient of Wind | 1 | |
22 total
» build order
00:15 Graveyard
00:19 Crypt
00:52 Altar of Darkness
00:59 Ziggurat
01:19 Ziggurat
02:11 Orc Burrow
02:26 Ziggurat
02:43 Tomb of Relics
03:57 Halls of the Dead
05:01 Ziggurat
06:04 Moon Well
06:04 Moon Well
06:05 Moon Well
06:06 Moon Well
06:18 Black Citadel
06:28 Slaughterhouse
06:39 Fortress
06:43 Orc Burrow
06:43 Orc Burrow
07:56 Tree of Eternity
08:12 Ancient of Wind
10:16 Crypt
» items
| Rod of Necromancy | 1 | |
| Sacrificial Skull | 1 | |
| Potion of Healing | 1 | |
| Orb of Corruption | 1 | |
| Scroll of Town Portal | 1 | |
5 total

»
drexxjr (
pink | 25 APM | 43 actions | 01:41)
» actions
| Build / train | 7 | |
| Enter build submenu | 4 | |
| Right click | 13 | |
| Select / deselect | 15 | |
| Use ability | 4 | |
43 total
» units
» buildings
| Altar of Storms | 1 | |
| Orc Burrow | 1 | |
| Barracks | 1 | |
| War Mill | 1 | |
4 total
» build order
00:09 Altar of Storms
00:26 Orc Burrow
01:01 Barracks
01:34 War Mill

»
Gweb (
orange | 42 APM | 577 actions | 13:48)
3 Mountain King
2 Storm Bolt
1 Bash
3 Blademaster
2 Wind Walk
1 Critical Strike
2 Demon Hunter
1 Mana Burn
1 Evasion
» actions
| Basic commands | 118 | |
| Build / train | 79 | |
| ESC pressed | 6 | |
| Enter build submenu | 29 | |
| Enter hero's abilities submenu | 8 | |
| Right click | 42 | |
| Select / deselect | 241 | |
| Use ability | 54 | |
577 total
» units
| Peasant | 8 | |
| Footman | 5 | |
| Troll Headhunter/Berserker | 8 | |
| Troll Batrider | 11 | |
| Gryphon Rider | 5 | |
| Dryad | 6 | |
| Hippogryph | 6 | |
| Wisp | 4 | |
53 total
» upgrades
| Swords | 3 | |
| Troll Regeneration | 1 | |
| Masonry | 1 | |
| Animal War Training | 1 | |
| Liquid Fire | 1 | |
| Berserker Upgrade | 1 | |
8 total
» buildings
| Altar of Kings | 1 | |
| Farm | 6 | |
| Barracks | 1 | |
| Lumber Mill | 1 | |
| Arcane Vault | 1 | |
| Keep | 1 | |
| Blacksmith | 1 | |
| Scout Tower | 3 | |
| Stronghold | 1 | |
| Guard Tower | 3 | |
| Voodoo Lounge | 1 | |
| Beastiary | 2 | |
| Castle | 1 | |
| Gryphon Aviary | 2 | |
| Watch Tower | 2 | |
| Ancient of War | 1 | |
| Hunter's Hall | 2 | |
| Ancient of Lore | 1 | |
| Orc Burrow | 1 | |
32 total
» build order
00:20 Altar of Kings
00:26 Farm
00:28 Farm
01:09 Barracks
02:07 Lumber Mill
02:26 Arcane Vault
02:55 Farm
03:42 Keep
03:52 Blacksmith
03:55 Scout Tower
04:05 Stronghold
04:29 Guard Tower
04:31 Scout Tower
05:01 Guard Tower
05:08 Farm
06:25 Voodoo Lounge
06:29 Beastiary
06:30 Beastiary
06:45 Castle
06:46 Gryphon Aviary
06:49 Gryphon Aviary
06:55 Watch Tower
06:57 Watch Tower
07:06 Ancient of War
07:11 Hunter's Hall
07:14 Hunter's Hall
08:34 Ancient of Lore
08:57 Orc Burrow
10:08 Farm
10:11 Farm
10:58 Scout Tower
13:08 Guard Tower
» items
| Scroll of Regeneration | 1 | |
| Scroll of Town Portal | 1 | |
| Orb of Fire | 1 | |
3 total
VICTORY (
red | 11 APM | 67 actions | 05:56)
» actions
| Build / train | 10 | |
| Enter build submenu | 3 | |
| Right click | 22 | |
| Select / deselect | 30 | |
| Use ability | 2 | |
67 total
» units
» buildings
| Altar of Elders | 1 | |
| Moon Well | 1 | |
| Tree of Ages | 2 | |
4 total
» build order
03:43 Altar of Elders
03:50 Moon Well
05:34 Tree of Ages
05:34 Tree of Ages
Chat log
(00:06 / Allies) Apocalypse(SoD): wtf?
(00:08 / Allies) Legionnaire: fiends is back
(00:09 / All) TestyMcTestman: this is so weird lol
(00:11 / Allies) Apocalypse(SoD): wtf?
(00:15 / Allies) GoSu-: i hate the font
(00:16 / All) Legionnaire: friends
(00:23 / Allies) Apocalypse(SoD): wtf?
(00:31 / Allies) Apocalypse(SoD): this shit is fuckin weird
(00:48 / All) gentle: why my gold mine have 50k?
(00:54 / Allies) GoSu-: WOW
(00:57 / Allies) Apocalypse(SoD): lmfao
(01:00 / All) Legionnaire: old map friends
(01:08 / All) gentle: never been here
(01:11 / Allies) GoSu-: i always hated this map
(01:17 / All) Apocalypse(SoD): never played 4s that long agai
(01:21 / All) Apocalypse(SoD): Ago*
(01:34 / All) TestyMcTestman: it'll take weeks to get my bearings iwth this shit
(01:45 / All) Apocalypse(SoD): aww
(01:48 / All) Apocalypse(SoD): fuckin punk
(01:51 / All) Apocalypse(SoD): shit never changes
(01:54 / All) GoSu-: has anyone elses font changed?
(01:56 / All) Gweb: right
(02:00 / All) TestyMcTestman: yeah
(02:00 / All) Legionnaire: some people just don't make the grade
(02:03 / All) Apocalypse(SoD): i think so
(02:06 / All) GoSu-: it sucks
(02:22 / Allies) TestyMcTestman: we have to creep together green
(02:31 / Allies) TestyMcTestman: no green camps
(02:43 / Allies) TestyMcTestman: I remember the wolves are a bitch
(03:13 / All) Apocalypse(SoD): shit
(03:17 / All) Apocalypse(SoD): gj
(03:31 / Allies) TestyMcTestman: oh
(03:38 / Allies) TestyMcTestman: thought htat was all enemyl ol
(03:39 / Allies) GoSu-: purp here
(05:52 / Allies) TestyMcTestman: here
(05:57 / Allies) TestyMcTestman: take item
(06:17 / Allies) GoSu-: wanna hit?
(06:19 / Allies) TestyMcTestman: switch that item to me
(06:34 / Allies) TestyMcTestman: I'll go knight priest
(08:17 / Allies) GoSu-: we should prolly hit since its 2v4
(08:25 / Allies) GoSu-: they probably mass teching
(09:43 / Allies) TestyMcTestman: open
(09:48 / Allies) GoSu-: i say hit
(09:51 / Allies) GoSu-: hit
(09:53 / Allies) TestyMcTestman: open with mort
(09:53 / Allies) Apocalypse(SoD): yeah
(09:54 / Allies) Apocalypse(SoD): lets hit
(10:04 / Allies) Apocalypse(SoD): will send one
(13:04 / Allies) TestyMcTestman: skele trapped meh
(13:40 / All) GoSu-: gg
(13:43 / All) Gweb: it was fun